 Dungeon Crawl Stone Soup version 0.28.0-43-g3370ac3207 (webtiles) character file.

Game seed: 18018320621335375419

28996 croobank the Warrior (level 13, -6/127 HPs)
             Began as a Hill Orc Fighter on Mar 4, 2022.
             Was a High Priest of Beogh.
             Mangled by Rupert
             ... wielding a +5 great mace of protection
              (36 damage)
             ... on level 4 of the Lair of Beasts.
             The game lasted 01:10:51 (21681 turns).

croobank the Warrior (Hill Orc Fighter)            Turns: 21681, Time: 01:10:52

Health: -6/127     AC: 24    Str: 24    XL:     13   Next: 42%
Magic:  13/13      EV: 10    Int: 23    God:    Beogh [*****.]
Gold:   648        SH:  0    Dex: 10    Spells: 12/12 levels left

rFire   . . .      SeeInvis +   z - +10 spear of Indomitability {protect, Drain rN+ Int+9 SInv}
rCold   . . .      Faith    .   (no shield)
rNeg    + . .      Spirit   .   w - +0 scale mail "Looss" {Harm Will++}
rPois   .          Reflect  .   q - +0 helmet
rElec   .          Harm     +   h - +0 cloak
rCorr   .          Rampage  .   Z - +0 pair of gloves
Will    +++..                   A - +2 pair of boots
Stlth   ..........              O - amulet of the acrobat
HPRegen 0.31/turn               k - ring of willpower
MPRegen 0.13/turn               K - +6 ring of intelligence

@: mighty, under a protective aura, hasted, studying Fighting, very quick
A: walk on water
a: Renounce Religion, Smiting, Recall Orcish Followers, Give Item to Named
Follower


You were on level 4 of the Lair of Beasts.
You worshipped Beogh.
Beogh was extremely pleased with you.
You visited 2 branches of the dungeon, and saw 16 of its levels.
You also visited: Sewer and Bailey.

You collected 768 gold pieces.
You spent 120 gold pieces at shops.

Inventory:

Hand Weapons
 a - a +1 war axe
 e - a +4 quarterstaff of chaos
 i - a +1 whip of flaming
 j - a +1 antimagic flail
 z - the +10 spear of Indomitability (weapon) {protect, Drain rN+ Int+9 SInv}
   (You found it on level 3 of the Dungeon)

   It grants its wielder temporary protection when it strikes (+7 to AC).
   Int:       It affects your intelligence (+9).
   rN:        It protects you from negative energy.
   SInv:      It lets you see invisible.
   Drain:     It drains your maximum health when unequipped.
 J - a +0 broad axe of protection
 Q - a +4 halberd of flaming
Missiles
 x - 60 poisoned darts
 y - 6 curare-tipped darts (quivered)
 C - 5 javelins
 H - 2 throwing nets
Armour
 c - a +0 buckler
 f - a +0 plate armour
 h - a +0 cloak (worn)
 m - a +0 scale mail
 q - a +0 helmet (worn)
 s - +0 steam dragon scales
 w - the +0 scale mail "Looss" (worn) {Harm Will++}
   (You found it on level 1 of the Lair of Beasts)

   Harm:      It increases damage dealt and taken.
   Will:      It greatly increases your willpower.
 A - a +2 pair of boots (worn)
 R - +0 acid dragon scales
 Z - a +0 pair of gloves (worn)
Jewellery
 k - a ring of willpower (left hand)
 u - an amulet of guardian spirit
 K - a +6 ring of intelligence (right hand)
 O - an amulet of the acrobat (around neck)
Wands
 d - a wand of digging (12)
 l - a wand of paralysis (8)
 v - a wand of polymorph (8)
 P - a wand of flame (52)
 S - a wand of charming (6)
Scrolls
 D - 3 scrolls of blinking
 E - a scroll of identify
 F - a scroll of fog
 I - a scroll of magic mapping
 V - 7 scrolls of amnesia
Potions
 b - 2 potions of haste
 g - 2 potions of cancellation
 n - 3 potions of invisibility
 t - 4 potions of brilliance
 B - 2 potions of berserk rage
 G - a potion of flight
 M - 5 potions of magic
 N - 4 potions of mutation
 T - a potion of lignification
 U - 6 potions of curing
 W - 3 potions of might
 Y - 2 potions of ambrosia
Miscellaneous
 o - a lightning rod (4/4)
 L - a phial of floods


   Skills:
 + Level 15.6 Fighting
 - Level 5.8 Axes
 * Level 12.3 Staves
 + Level 11.7 Armour
 + Level 11.8 Shields


You had 12 spell levels left.
You didn't know any spells.
Your spell library contained the following spells:

 Spells                   Type           Power      Damage    Failure   Level
 Animate Skeleton         Necr           0%         N/A       30%         1
 Apportation              Tloc           0%         N/A       30%         1
 Pain                     Necr           0%         1d4       30%         1
 Summon Small Mammal      Summ           0%         N/A       30%         1
 Corpse Rot               Necr/Air       0%         N/A       43%         2
 Poisonous Vapours        Pois/Air       0%         N/A       43%         2
 Dazzling Flash           Conj/Hex       0%         N/A       67%         3
 Gell's Gravitas          Tloc           0%         N/A       67%         3
 Lesser Beckoning         Tloc           0%         N/A       67%         3
 Teleport Other           Tloc           0%         N/A       67%         3
 Tukima's Dance           Hex            0%         N/A       67%         3
 Vampiric Draining        Necr           0%         2d6       67%         3
 Anguish                  Hex/Necr       0%         N/A       97%         4
 Passage of Golubria      Tloc           0%         N/A       97%         4
 Summon Ice Beast         Ice/Summ       0%         N/A       97%         4
 Agony                    Necr           0%         N/A       100%        5
 Silence                  Hex/Air        0%         N/A       100%        5
 Summon Forest            Summ/Tloc      0%         N/A       100%        5
 Summon Mana Viper        Hex/Summ       0%         N/A       100%        5
 Yara's Violent Unravell  Hex/Tmut       0%         3d3       100%        5
 Summon Cactus Giant      Summ           0%         N/A       100%        6
 Enfeeble                 Hex            0%         N/A       100%        7
 Monstrous Menagerie      Summ           0%         N/A       100%        7


Dungeon Overview and Level Annotations

Branches:
Dungeon (12/15)            Temple (0/1) D:7            Lair (4/6) D:10
  Swamp (0/4) Lair:3       Spider (0/4) Lair:4        Sewer (visited)
 Bailey (visited)
    Orc: D:9-12

Altars:
Okawaru
Xom

Shops:
D:11 ?*

Annotations:
Lair:4 Rupert


Message History

You feel yourself speed up.
Rupert roars madly and goes into a rage!
Rupert goes berserk!
Rupert barely misses you.
You puncture Rupert!
Your weapon exudes an aura of protection.
Rupert is lightly wounded.
You impale Rupert!!
Rupert is lightly wounded.
Rupert barely misses you.
You puncture Rupert!
Rupert is moderately wounded.
Rupert misses you.
You puncture Rupert!
Rupert is moderately wounded.
You hit Rupert.
Rupert is moderately wounded.
Rupert barely misses you.
You hit Rupert.
Rupert is moderately wounded.
You puncture Rupert!
Rupert is heavily wounded.
Rupert hits you with a +5 great mace of protection!
You hit Rupert.
Rupert is heavily wounded.
You hit Rupert but do no damage.
Rupert is heavily wounded.
Rupert hits you with a +5 great mace of protection!!
You barely miss Rupert.
Rupert is heavily wounded.
You puncture Rupert!
Rupert is heavily wounded.
Rupert hits you with a +5 great mace of protection!
You hit Rupert.
Rupert is heavily wounded.
Rupert hits you with a +5 great mace of protection!!!
* * * LOW HITPOINT WARNING * * *
You feel much better.
Rupert hits you with a +5 great mace of protection!!
You die...

#..........≈..≈
##............S≈
#.........≈....≈
#.......#≈≈≈≈..
#.......≈≈≈≈≈≈...###
#.......#≈≈≈≈≈≈.......
#.......# ≈≈≈≈≈≈≈....≈
##.....@###≈≈≈≈≈≈≈≈≈≈≈
#.....@#.##≈≈≈≈≈≈≈≈≈≈
##........##≈≈≈≈≈≈≈≈≈≈≈
#.........##.≈≈≈≈≈≈≈≈≈≈
#.........#..≈≈≈≈≈≈≈≈≈≈
#P..........≈≈≈≈≈≈≈≈≈≈≈
##.........###≈≈≈≈≈≈≈≈≈ ###
####.........##≈≈≈≈≈≈≈≈#
#.####...........##≈≈#≈≈≈≈##
#.##.............#.≈#.#####


You could see Rupert (berserk).

Vanquished Creatures
  3 hydras
  A boulder beetle (D:10)
  A centaur warrior (D:11)
  3 two-headed ogres (D:9)
  Pikel (D:4)
  A cyclops (D:11)
  A manticore (D:11)
  5 elephants (Lair:3)
  2 black mambas
  A gargoyle (D:11)
  7 cane toads
  Maggie (D:6)
  A torpor snail (Lair:2)
  2 unseen horrors
  3 rime drakes
  2 komodo dragons
  2 polar bears
  2 trolls
  9 dream sheep
  6 blink frogs
  A hornet (D:8)
  Sigmund (D:4)
  2 wyverns
  A spriggan (Lair:4)
  8 basilisks
  2 wraiths
  11 yaks (D:9)
  3 steam dragons
  4 vampire mosquitoes (D:10)
  An acid dragon (D:11)
  3 wargs
  7 water moccasins
  2 orc warriors
  A sky beast (D:6)
  2 black bears
  An ogre (D:7)
  11 wolves
  5 centaurs
  9 kobold brigands
  A lemure (D:4)
  A phantom (D:6)
  10 bullfrogs
  2 earth elementals (D:11)
  A wyvern zombie (D:8)
  3 scorpions
  12 killer bees
  2 electric eels
  A bullfrog zombie (D:5)
  Crazy Yiuf (D:2)
  4 centaur zombies
  4 jellies
  5 hounds
  An iguana (D:6)
  4 orc priests
  A bullfrog skeleton (D:6)
  A centaur skeleton (D:6)
  Jessica (D:3)
  10 orc wizards
  A howler monkey zombie (D:7)
  Robin (D:2)
  12 gnolls
  3 howler monkey skeletons
  10 adders
  2 river rats (Sewer)
  3 shadow imps
  2 white imps
  An ufetubus (D:5)
  9 worms
  3 dart slugs
  47 orcs
  6 bats
  8 endoplasms
  6 giant cockroaches
  21 goblins
  12 hobgoblins
  4 jackals (D:3)
  2 quokkas (D:1)
  15 ball pythons
  3 frilled lizards (D:3)
  35 kobolds
  12 rats
  A bush (D:1)
413 creatures vanquished.

Vanquished Creatures (collateral kills)
  5 dream sheep (Lair:4)
  A meliai zombie (D:11)
  An orc (D:11)
7 creatures vanquished.

Vanquished Creatures (others)
  2 orc wizards
  8 orcs
  12 fungi
  55 plants
77 creatures vanquished.

Grand Total: 497 creatures vanquished

Notes
Turn   | Place    | Note
-------+----------+-------------------------------------------
     0 | D:1      | croobank the Hill Orc Fighter began the quest for the Orb.
     0 | D:1      | Reached XP level 1. HP: 19/19 MP: 1/1
   120 | D:1      | Reached XP level 2. HP: 19/27 MP: 2/2
   228 | D:1      | Found a faded altar of an unknown god.
   504 | D:1      | Reached skill level 4 in Fighting
   705 | D:1      | Reached XP level 3. HP: 33/33 MP: 3/3
  1419 | D:2      | Found a runed translucent door.
  1420 | D:2      | Noticed Crazy Yiuf
  1426 | D:2      | Killed Crazy Yiuf
  1427 | D:2      | Reached XP level 4. HP: 30/41 MP: 4/4
  1821 | D:2      | Noticed Robin
  1840 | D:2      | Killed Robin
  2043 | D:2      | Found a shimmering altar of Xom.
  2052 | D:2      | You fall into a shaft and drop 2 floors!
  2091 | D:4      | Reached XP level 5. HP: 26/47 MP: 5/5
  2730 | D:3      | Found a glowing drain.
  2751 | Sewer    | Entered a sewer
  2812 | Sewer    | Noticed a kobold brigand
  2850 | Sewer    | Killed a kobold brigand
  2851 | Sewer    | Reached skill level 5 in Fighting
  2851 | Sewer    | Reached XP level 6. HP: 26/56 MP: 6/6
  3224 | Sewer    | Reached skill level 5 in Axes
  3488 | Sewer    | Reached skill level 5 in Armour
  3666 | Sewer    | Reached skill level 5 in Shields
  3666 | Sewer    | Reached XP level 7. HP: 34/62 MP: 7/7
  4664 | D:3      | Identified the +10 spear of Indomitability {protect, Drain
                  | rN+ Int+9 SInv}
  4664 | D:3      | Noticed Jessica
  4667 | D:3      | Killed Jessica
  4730 | D:3      | Reached skill level 6 in Fighting
  5302 | D:4      | Reached skill level 1 in Staves
  5627 | D:4      | Noticed Pikel
  5654 | D:4      | Killed Pikel
  5655 | D:4      | Reached XP level 8. HP: 15/71 MP: 8/8
  6339 | D:4      | Noticed Sigmund
  6353 | D:4      | Killed Sigmund
  6354 | D:4      | Reached skill level 7 in Fighting
  6454 | D:5      | Entered Level 5 of the Dungeon
  6479 | D:5      | Became a worshipper of Beogh the Brigand
  6487 | D:5      | Reached XP level 9. HP: 58/79 MP: 9/9
  6631 | D:5      | Found an iron altar of Okawaru.
  7401 | D:6      | Reached skill level 5 in Staves
  7514 | D:6      | Noticed Maggie
  7538 | D:6      | Killed Maggie
  7549 | D:6      | Reached skill level 8 in Fighting
  8144 | D:6      | Reached * piety under Beogh
  8449 | D:7      | Noticed an unseen horror
  8473 | D:7      | Killed an unseen horror
  8474 | D:7      | Reached XP level 10. HP: 72/90 MP: 10/10
  8513 | D:7      | Found a flagged portal.
  8565 | Bailey   | Entered a bailey
  9387 | D:7      | Found a staircase to the Ecumenical Temple.
  9572 | D:7      | Reached ** piety under Beogh
  9801 | D:8      | Reached skill level 9 in Fighting
  9983 | D:8      | Identified a scroll of acquirement
  9983 | D:8      | Acquired a manual of Fighting
 10403 | D:9      | Noticed a two-headed ogre
 10416 | D:9      | Killed a two-headed ogre
 10567 | D:9      | Reached skill level 10 in Fighting
 10841 | D:9      | Noticed a two-headed ogre
 10851 | D:9      | Killed a two-headed ogre
 10852 | D:9      | Reached XP level 11. HP: 36/101 MP: 11/11
 11299 | D:9      | Reached *** piety under Beogh
 11315 | D:9      | Reached skill level 11 in Fighting
 11693 | D:9      | Noticed a two-headed ogre
 11707 | D:9      | Killed a two-headed ogre
 11990 | D:10     | Entered Level 10 of the Dungeon
 12528 | D:10     | Found a staircase to the Lair.
 12994 | D:10     | Noticed a boulder beetle
 13047 | D:10     | Killed a boulder beetle
 13352 | D:11     | Reached skill level 12 in Fighting
 13481 | D:11     | Noticed a manticore
 13492 | D:11     | Killed a manticore
 13682 | D:11     | Noticed a centaur warrior
 13712 | D:11     | Killed a centaur warrior
 13985 | D:11     | Noticed a cyclops
 13986 | D:11     | Noticed a seven-headed hydra
 14053 | D:11     | Reached skill level 10 in Armour
 14054 | D:11     | Reached **** piety under Beogh
 14055 | D:11     | Reached skill level 10 in Shields
 14180 | D:11     | Found Rith's Magic Scroll Boutique.
 14520 | D:11     | Bought a scroll of identify for 30 gold pieces
 14520 | D:11     | Bought a scroll of identify for 30 gold pieces
 14532 | D:11     | Bought a scroll of identify for 30 gold pieces
 14532 | D:11     | Bought a scroll of identify for 30 gold pieces
 14579 | D:11     | Found Wumaffa's Pet Rocks.
 14614 | D:11     | Reached skill level 10 in Staves
 14633 | D:11     | Reached XP level 12. HP: 43/113 MP: 12/12
 14956 | D:11     | Killed a two-headed hydra
 15239 | D:11     | Reached skill level 13 in Fighting
 15750 | Lair:1   | Entered Level 1 of the Lair of Beasts
 16080 | Lair:1   | Noticed a five-headed hydra
 16090 | Lair:1   | Killed a one-headed hydra
 16154 | Lair:1   | Identified the +0 scale mail "Looss" {Harm Will++}
 18669 | Lair:2   | Reached skill level 14 in Fighting
 19478 | Lair:3   | Noticed a seven-headed hydra
 19484 | Lair:3   | Killed a four-headed hydra
 19763 | Lair:3   | Reached XP level 13. HP: 92/117 MP: 13/13
 20235 | Lair:3   | Reached skill level 15 in Fighting
 20243 | Lair:3   | Found a staircase to the Swamp.
 21237 | Lair:4   | Reached ***** piety under Beogh
 21281 | Lair:4   | Found a hole to the Spider Nest.
 21564 | Lair:4   | Noticed Rupert
 21680 | Lair:4   | HP: 3/127 [Rupert/+5 great mace of protection (50)]
 21681 | Lair:4   | Mangled by Rupert

Illustrated notes

Levels and vault maps discovered:
D:1:      lemuel_arrival_room, layout_rooms, hellmonk_ecumenical_altar_zigzags,
          lexackson_kobold_supper
D:2:      layout_basic, basic_altar, uniq_robin, uniq_crazy_yiuf_cottage
D:3:      corexii_shack_village, layout_basic, portal_sewer_entry_c,
          nrook_campfire, uniq_jessica
D:4:      layout_gridville, uniq_pikel, uniq_sigmund
D:5:      layout_rooms, lemuel_crystal_altar, serial_glass, glass_columns_a,
          glass_columns_a
D:6:      layout_basic, uniq_maggie
D:7:      layout_loops_cross, minmay_temple_entry_mist, enter_bailey_2
D:8:      layout_basic
D:9:      layout_roguey
D:10:     layout_cave_pools, erik_lair_orcish_takeover, grunt_decor_clamped
D:11:     layout_basic, serial_shops, shop, guppyfry_shop_earth
D:12:     layout_gridville, orc_0_dummy, nicolae_looking_at_the_future,
          uniq_urug
Lair:1:   beast_lair_carwin_large_1, layout_loops_ring, lemuel_fruit_tree,
          serial_bayou_shore_a
Lair:2:   layout_cave_pods, infiniplex_staircase_pool, serial_bayou_shore_b
Lair:3:   layout_cave_pods, swamp_mist, chequers_serial_rivers_room_b
Lair:4:   pond_and_an_island_with_a_cottage, layout_hall_layers,
          dummy_spider_entry, grunt_forest_stairs_clearing, grunt_megastairs_3,
          uniq_rupert

Skill      XL: |  1  2  3  4  5  6  7  8  9 10 11 12 13 |
---------------+----------------------------------------+-----
Axes           | 3 4 5 |  5.8
Fighting       | 4 5 6 7 8 10 12 14 15 | 15.6
Armour         | 4 5 6 7 9 10 11 | 11.7
Shields        | 4 5 6 7 9 10 11 | 11.8
Staves         | 3 4 6 8 10 11 12 | 12.3

Action                   |  1- 3 |  4- 6 |  7- 9 | 10-12 | 13-15 || total
-------------------------+-------+-------+-------+-------+-------++-------
Melee: War axe           |   157 |   213 |    55 |       |       ||   425
       Spear             |       |       |   281 |   666 |   161 ||  1108
       Punch             |       |       |       |     4 |     1 ||     5
       Halberd           |       |       |       |   159 |       ||   159
Throw: Javelin           |       |       |     1 |       |       ||     1
       Throwing net      |       |       |     1 |       |       ||     1
       Dart              |       |       |       |     2 |       ||     2
Invok: Convert to Beogh  |       |       |     1 |       |       ||     1
       Smiting           |       |       |       |     3 |       ||     3
       Recall Orcish Fol |       |       |       |       |     1 ||     1
Evoke: Wand              |       |       |     2 |     7 |     1 ||    10
  Use: Scroll            |     4 |     2 |     3 |    21 |     2 ||    32
       Potion            |     1 |     2 |     3 |     6 |     3 ||    15
Armor: Scale mail        |    63 |   103 |   159 |   426 |    96 ||   847
       Skin              |       |       |     4 |       |       ||     4
Dodge: Dodged            |    68 |   102 |   171 |   455 |    84 ||   880
Block: Buckler           |    29 |    57 |    65 |   133 |       ||   284
